AAA
FLUSHING CHIEFS @ LONG ISLAND NAVIGATORS
05/09/2060
 
TOP OF THE 1ST
Flushing Chiefs batting - Pitching for Long Island Navigators : RHP Logan Klonowski
Pitching: RHP Logan Klonowski
Batting: RHB Cody Turner 0-0: Ball
1-0: Ball
2-0: SINGLE (Groundball, 56D, EV 106.2 MPH)
Batting: RHB Venric Udaka 0-0: Swinging Strike
Cody Turner is caught stealing 2nd base 2-4
0-1: Ball
1-1: Fly out, F8 (Flyball, 8LM, EV 81.2 MPH)
Batting: RHB Adrien Mondragon 0-0: Foul Ball, location: 2F
0-1: Ball
1-1: Foul Ball, location: 2F
1-2: Fly out, F9 (Flyball, 89D, EV 79.4 MPH)
Top of the 1st over - 0 runs, 1 hit, 0 errors, 0 left on base; Flushing 0 - Long Island 0
BOTTOM OF THE 1ST
Long Island Navigators batting - Pitching for Flushing Chiefs : RHP Steven Frack
Pitching: RHP Steven Frack
Batting: RHB Landon Garber 0-0: Foul Ball, location: 2F
0-1: Called Strike
0-2: Strikes out swinging
Batting: RHB Sullivan Hazelwood 0-0: Ball
1-0: Called Strike
1-1: Foul Ball, location: 2F
1-2: Ball
2-2: Strikes out looking
Batting: LHB Broderick Council 0-0: Called Strike
0-1: Ball
1-1: Swinging Strike
1-2: Ball
2-2: Reached on error, E8 (Line Drive, 8RM, EV 94.4 MPH)
Batting: LHB Grant Lucien 0-0: Ball
1-0: Called Strike
1-1: Called Strike
1-2: Strikes out swinging
Bottom of the 1st over - 0 runs, 0 hits, 1 error, 1 left on base; Flushing 0 - Long Island 0
TOP OF THE 2ND
Flushing Chiefs batting - Pitching for Long Island Navigators : RHP Logan Klonowski
Batting: SHB Martavious Visser 0-0: Swinging Strike
0-1: Called Strike
0-2: Ball
1-2: Ball
2-2: Ground out 1-3 (Groundball, 25, EV 71.9 MPH)
Batting: RHB J.R. Ketterman 0-0: Called Strike
0-1: Called Strike
0-2: Strikes out looking
Batting: SHB Bradley Cone 0-0: Fly out, F8 (Line Drive, 78M, EV 83.8 MPH)
Top of the 2nd over - 0 runs, 0 hits, 0 errors, 0 left on base; Flushing 0 - Long Island 0
BOTTOM OF THE 2ND
Long Island Navigators batting - Pitching for Flushing Chiefs : RHP Steven Frack
Batting: RHB Noah Bishop 0-0: Ball
1-0: Called Strike
1-1: Swinging Strike
1-2: Foul Ball, location: 2F
1-2: Fly out, F8 (Flyball, 8RM, EV 83.8 MPH)
Batting: RHB Clifton Brown 0-0: Called Strike
0-1: Ball
1-1: Ball
2-1: SINGLE (Flyball, 78S, EV 85.0 MPH)
Batting: RHB Doug Day 0-0: Called Strike
0-1: Ball
1-1: Foul Ball, location: 2F
1-2: Foul Ball, location: 2F
1-2: Ball
2-2: Ball
3-2: Strikes out looking
Batting: RHB Weldon Nnanna 0-0: Called Strike
0-1: Ground out 4-3 (Groundball, 34, EV 107.5 MPH)
Bottom of the 2nd over - 0 runs, 1 hit, 0 errors, 1 left on base; Flushing 0 - Long Island 0
TOP OF THE 3RD
Flushing Chiefs batting - Pitching for Long Island Navigators : RHP Logan Klonowski
Batting: RHB Dalton Kraut 0-0: Called Strike
0-1: SINGLE (Flyball, 89S, EV 95.6 MPH)
Batting: RHB Vance Thompson 0-0: Ball
Dalton Kraut steals 2nd base
1-0: Foul Ball, location: 2F
1-1: Ball
2-1: Ball
3-1: Fly out, F7 (Line Drive, 7, EV 96.9 MPH)
Batting: RHB Mason Dvorak 0-0: Ball
1-0: Foul Ball, location: 2F
1-1: Ball
2-1: Swinging Strike
2-2: Foul Ball, location: 2F
2-2: Foul Ball, location: 2F
2-2: Strikes out swinging
Batting: RHB Cody Turner 0-0: Ground out 1-3 (Groundball, 23, EV 76.9 MPH)
Top of the 3rd over - 0 runs, 1 hit, 0 errors, 1 left on base; Flushing 0 - Long Island 0
BOTTOM OF THE 3RD
Long Island Navigators batting - Pitching for Flushing Chiefs : RHP Steven Frack
Batting: RHB Seth Baker 0-0: Called Strike
0-1: Swinging Strike
0-2: Strikes out swinging
Batting: RHB Landon Garber 0-0: Called Strike
0-1: Foul Ball, location: 2F
0-2: Strikes out swinging, 2-3 out at first.
Batting: RHB Sullivan Hazelwood 0-0: Swinging Strike
0-1: Ball
1-1: Ball
2-1: Ball
3-1: SINGLE (Groundball, 56D, EV 94.4 MPH)
Batting: LHB Broderick Council 0-0: Called Strike
0-1: Ball
1-1: Ball
2-1: Foul Ball, location: 2F
2-2: Ball
3-2: Base on Balls
Sullivan Hazelwood to second
Batting: LHB Grant Lucien 0-0: Called Strike
0-1: Called Strike
0-2: Strikes out swinging
Bottom of the 3rd over - 0 runs, 1 hit, 0 errors, 2 left on base; Flushing 0 - Long Island 0
TOP OF THE 4TH
Flushing Chiefs batting - Pitching for Long Island Navigators : RHP Logan Klonowski
Batting: RHB Venric Udaka 0-0: Ball
1-0: Foul Ball, location: 2F
1-1: Swinging Strike
1-2: Ground out 4-3 (Groundball, 4, EV 83.1 MPH)
Batting: RHB Adrien Mondragon 0-0: Called Strike
0-1: SINGLE (Groundball, 6M, EV 96.2 MPH)
Batting: SHB Martavious Visser 0-0: Foul Ball, location: 2F
0-1: Fly out, F2 (Popup, 25F, EV 86.9 MPH)
Batting: RHB J.R. Ketterman 0-0: Called Strike
0-1: Called Strike
0-2: Ball
1-2: Foul Ball, location: 2F
1-2: Ball
2-2: Ball
3-2: Strikes out swinging
Top of the 4th over - 0 runs, 1 hit, 0 errors, 1 left on base; Flushing 0 - Long Island 0
BOTTOM OF THE 4TH
Long Island Navigators batting - Pitching for Flushing Chiefs : RHP Steven Frack
Batting: RHB Noah Bishop 0-0: Ball
1-0: Ball
2-0: Ball
3-0: Foul Ball, location: 2F
3-1: Foul Ball, location: 2F
3-2: Foul Ball, location: 2F
3-2: Strikes out swinging, 2-3 out at first.
Batting: RHB Clifton Brown 0-0: Ball
1-0: Swinging Strike
1-1: Called Strike
1-2: Strikes out swinging
Batting: RHB Doug Day 0-0: Ball
1-0: Ground out 5-3 (Groundball, 15, EV 95.0 MPH)
Bottom of the 4th over - 0 runs, 0 hits, 0 errors, 0 left on base; Flushing 0 - Long Island 0
TOP OF THE 5TH
Flushing Chiefs batting - Pitching for Long Island Navigators : RHP Logan Klonowski
Batting: SHB Bradley Cone 0-0: Ball
1-0: Called Strike
1-1: Ball
2-1: Called Strike
2-2: Strikes out swinging
Batting: RHB Dalton Kraut 0-0: Ground out 5-3 (Groundball, 56, EV 78.1 MPH)
Batting: RHB Vance Thompson 0-0: Ball
1-0: Ball
2-0: Called Strike
2-1: SINGLE (Flyball, 5D, EV 95.6 MPH)
Batting: RHB Mason Dvorak 0-0: Swinging Strike
0-1: Called Strike
0-2: Strikes out swinging
Top of the 5th over - 0 runs, 1 hit, 0 errors, 1 left on base; Flushing 0 - Long Island 0
BOTTOM OF THE 5TH
Long Island Navigators batting - Pitching for Flushing Chiefs : RHP Steven Frack
Batting: RHB Weldon Nnanna 0-0: Ball
1-0: Ball
2-0: Fly out, F7 (Flyball, 78D, EV 108.1 MPH)
Batting: RHB Seth Baker 0-0: Ball
1-0: Ball
2-0: Ball
3-0: Called Strike
3-1: Ground out 6-3 (Groundball, 6, EV 79.4 MPH)
Batting: RHB Landon Garber 0-0: Called Strike
0-1: Swinging Strike
0-2: Strikes out looking
Bottom of the 5th over - 0 runs, 0 hits, 0 errors, 0 left on base; Flushing 0 - Long Island 0
TOP OF THE 6TH
Flushing Chiefs batting - Pitching for Long Island Navigators : RHP Logan Klonowski
Batting: RHB Cody Turner 0-0: Ball
1-0: Ball
2-0: Ball
3-0: Called Strike
3-1: Called Strike
3-2: Base on Balls
Batting: RHB Venric Udaka 0-0: Ball
1-0: Fielders Choice at 2nd, 6-4 (Groundball, 6S, EV 83.1 MPH)
Batting: RHB Adrien Mondragon 0-0: Ball
1-0: Called Strike
1-1: Foul Ball, location: 2F
1-2: Ball
2-2: Foul Ball, location: 2F
2-2: Ball
3-2: Grounds into double play, 6-4-3 (Groundball, 6, EV 83.1 MPH)
Top of the 6th over - 0 runs, 0 hits, 0 errors, 0 left on base; Flushing 0 - Long Island 0
BOTTOM OF THE 6TH
Long Island Navigators batting - Pitching for Flushing Chiefs : RHP Steven Frack
Batting: RHB Sullivan Hazelwood 0-0: Called Strike
0-1: Foul Ball, location: 2F
0-2: Strikes out swinging
Batting: LHB Broderick Council 0-0: Ball
1-0: Ball
2-0: Ball
3-0: Base on Balls
Batting: LHB Grant Lucien 0-0: Ball
1-0: Grounds into double play, U3-6 (Groundball, 3L, EV 98.1 MPH)
Bottom of the 6th over - 0 runs, 0 hits, 0 errors, 0 left on base; Flushing 0 - Long Island 0
TOP OF THE 7TH
Flushing Chiefs batting - Pitching for Long Island Navigators : RHP Logan Klonowski
Batting: SHB Martavious Visser 0-0: Swinging Strike
0-1: Ground out 4-3 (Groundball, 3D, EV 78.1 MPH)
Batting: RHB J.R. Ketterman 0-0: Ball
1-0: Swinging Strike
1-1: Ball
2-1: Foul Ball, location: 2F
2-2: Foul Ball, location: 2F
2-2: Ball
3-2: Foul Ball, location: 2F
3-2: Foul Ball, location: 2F
3-2: Strikes out swinging
Batting: SHB Bradley Cone 0-0: Ball
1-0: Fly out, F7 (Flyball, 7, EV 90.6 MPH)
Top of the 7th over - 0 runs, 0 hits, 0 errors, 0 left on base; Flushing 0 - Long Island 0
BOTTOM OF THE 7TH
Long Island Navigators batting - Pitching for Flushing Chiefs : RHP Steven Frack
Batting: RHB Noah Bishop 0-0: Called Strike
0-1: Ball
1-1: Ball
2-1: Ball
3-1: Ground out 5-3 (Groundball, 5, EV 83.1 MPH)
Batting: RHB Clifton Brown 0-0: SINGLE (Groundball, 13S, EV 71.2 MPH) (infield hit)
Batting: RHB Doug Day 0-0: Called Strike
0-1: Called Strike
0-2: Foul Ball, location: 2F
0-2: Ball
1-2: Strikes out swinging
Batting: RHB Weldon Nnanna 0-0: Ball
1-0: DOUBLE (Line Drive, 3D, EV 95.6 MPH)
Clifton Brown to third
Runner from 3rd tries for Home, SAFE, throw by RF to home
Batting: RHB Seth Baker 0-0: Called Strike
0-1: Ball
1-1: Foul Ball, location: 2F
1-2: Ball
2-2: Strikes out swinging
Bottom of the 7th over - 1 run, 2 hits, 0 errors, 1 left on base; Flushing 0 - Long Island 1
TOP OF THE 8TH
Flushing Chiefs batting - Pitching for Long Island Navigators : RHP Logan Klonowski
Batting: RHB Dalton Kraut 0-0: Ball
1-0: Ball
2-0: Swinging Strike
2-1: Foul Ball, location: 2F
2-2: Foul Ball, location: 2F
2-2: Fly out, F4 (Flyball, 34D, EV 85.6 MPH)
Batting: RHB Vance Thompson 0-0: Ball
1-0: Called Strike
1-1: Swinging Strike
1-2: Strikes out swinging, 2-3 out at first.
Pinch Hitting: RHB Shawn Clark 0-0: Called Strike
0-1: Called Strike
0-2: Ball
1-2: Ball
2-2: Foul Ball, location: 2F
2-2: Fly out, F8 (Line Drive, 8LM, EV 95.6 MPH)
Top of the 8th over - 0 runs, 0 hits, 0 errors, 0 left on base; Flushing 0 - Long Island 1
BOTTOM OF THE 8TH
Long Island Navigators batting - Pitching for Flushing Chiefs : RHP Steven Frack
Pitching: LHP Drake Moore
Now at 3B: Shawn Clark
Batting: RHB Landon Garber 0-0: DOUBLE (Flyball, 78XD, EV 95.0 MPH)
Batting: RHB Sullivan Hazelwood 0-0: SINGLE (Line Drive, 56D, EV 108.8 MPH)
Landon Garber to third
Batting: LHB Broderick Council 0-0: Ball
1-0: Ball
2-0: Called Strike
2-1: Called Strike
2-2: Foul Ball, location: 2F
2-2: SINGLE (Groundball, 56D, EV 108.1 MPH)
Landon Garber scores
Sullivan Hazelwood to second
Batting: LHB Grant Lucien 0-0: Ball
1-0: Swinging Strike
1-1: SINGLE (Groundball, 25, EV 74.4 MPH) (infield hit)
Sullivan Hazelwood to third
Broderick Council to second
Batting: RHB Noah Bishop 0-0: Ball
1-0: SINGLE (Groundball, 56, EV 95.0 MPH)
Sullivan Hazelwood scores
Broderick Council to third
Grant Lucien to second
Batting: RHB Clifton Brown 0-0: Ball
1-0: Called Strike
1-1: Grounds into fielders choice 5-2 (Groundball, 56S, EV 69.4 MPH)
Grant Lucien to third
Noah Bishop to second
Batting: RHB Doug Day 0-0: Called Strike
0-1: Fly out, F3 (Popup, 3, EV 76.9 MPH)
Batting: RHB Weldon Nnanna 0-0: SINGLE (Flyball, 5D, EV 100.0 MPH)
Grant Lucien scores
Noah Bishop to third
Clifton Brown to second
Runner from 3rd tries for Home, SAFE, throw by LF to home
Pitching: RHP Asher Walker
Batting: RHB Seth Baker 0-0: Called Strike
0-1: Called Strike
0-2: Ground out 4-3 (Groundball, 4M, EV 100.6 MPH)
Bottom of the 8th over - 4 runs, 6 hits, 0 errors, 2 left on base; Flushing 0 - Long Island 5
TOP OF THE 9TH
Flushing Chiefs batting - Pitching for Long Island Navigators : RHP Logan Klonowski
Pitching: RHP Karsen Azizi
Batting: RHB Cody Turner 0-0: Called Strike
0-1: Fly out, F8 (Flyball, 8RXD, EV 108.1 MPH)
Batting: RHB Venric Udaka 0-0: Ball
1-0: Foul Ball, location: 2F
1-1: Swinging Strike
1-2: Foul Ball, location: 2F
1-2: Strikes out looking
Batting: RHB Adrien Mondragon 0-0: Called Strike
0-1: Ball
1-1: Called Strike
1-2: Strikes out swinging
Top of the 9th over - 0 runs, 0 hits, 0 errors, 0 left on base; Flushing 0 - Long Island 5
Monday, April 29th , 2024 - OOTP Baseball 23.10 Build 110